 Dungeon Crawl Stone Soup version 0.22-a0-161-g198051c (webtiles) character file.

26 mortelune the Chiller (level 2, 0/19 HPs)
             Began as a Demonspawn Ice Elementalist on Feb 11, 2018.
             Succumbed to an adder's poison
             ... on level 2 of the Dungeon.
             The game lasted 00:04:04 (1572 turns).

mortelune the Chiller (Demonspawn Ice Elementalist) Turns: 1572, Time: 00:04:04

Health: 0/19       AC:  2    Str:  8    XL:     2   Next: 89%
Magic:  0/5        EV: 18    Int: 21    God:
Gold:   59         SH:  0    Dex: 18    Spells: 2/5 levels left

rFire    x . .     SeeInvis .   d - +0 mace
rCold    + . .     Gourm    .   (no shield)
rNeg     . . .     Faith    .   a - +0 robe
rPois    .         Spirit   .   (helmet restricted)
rElec    .         Reflect  .   (no cloak)
rCorr    .         Harm     .   (no gloves)
MR       .....                  (no boots)
Stlth    +++.......             (no amulet)
HPRegen  0.06/turn              j - ring of ice
MPRegen  0.09/turn              (no ring)

@: brilliant, agile, lethally poisoned (0 -> -5), flying, hasted, very quick
A: horns 1
a: no special abilities


You were on level 2 of the Dungeon.
You were not hungry.

You visited 1 branch of the dungeon, and saw 2 of its levels.

You collected 59 gold pieces.

Inventory:

Hand Weapons
 d - a +0 mace (weapon)
 f - a +0 club
Armour
 a - a +0 robe (worn)
Jewellery
 j - a ring of ice (left hand)
Scrolls
 g - 2 scrolls of identify {unknown}
 h - a scroll of remove curse {unknown}
 i - a scroll of blinking {unknown}
 n - a scroll of fear {unknown}
Books
 b - a book of Frost

   Spells                             Type                      Level
   a - Freeze                         Ice                          1
   b - Throw Frost                    Conjuration/Ice              2
   c - Ozocubu's Armour               Charms/Ice                   3
   d - Throw Icicle                   Conjuration/Ice              4
   e - Summon Ice Beast               Ice/Summoning                4
Comestibles
 c - 3 rations
 m - 6 chunks of flesh


   Skills:
 + Level 2.2 Dodging
 - Level 1.7 Stealth
 + Level 2.4 Spellcasting
 + Level 1.3 Conjurations
 + Level 3.0 Ice Magic


You had 2 spell levels left.
You knew the following spells:

 Your Spells              Type           Power        Failure   Level  Hunger
a - Freeze                Ice            ####         1%          1    None
b - Throw Frost           Conj/Ice       #####.       1%          2    ##.....


Dungeon Overview and Level Annotations

Branches:
Dungeon (2/15)

Altars:


Innate Abilities, Weirdness & Mutations

You have a pair of small horns on your head.


Message History

You are poisoned.
The adder poisons you!
You hit the adder but do no damage.
The adder is severely wounded.
You feel sick. The adder bites you. The adder barely misses you.
You barely miss the adder. Your headbutt misses the adder.
The adder is severely wounded.
You feel sick. The adder bites you.
* * * LOW HITPOINT WARNING * * *
It was a potion of haste.
You feel yourself speed up. The adder misses you.
It was a potion of flight.
You feel very buoyant.
You fly up into the air.
It was a potion of agility.
You feel agile all of a sudden. The adder bites you.
* * * LOW HITPOINT WARNING * * *
It was a potion of brilliance.
You feel clever all of a sudden.
You die...

..#.# #.#### #.#.# #.#
#.#. #.# #.# ##########
#.# #.#......... #.#
#.#.######## #. #.#
#.#.# #.... ... #S#
#.#.# #.... #..
#@#.###.#.# #.... #..
#.#^...(#.## #.... #..
#.#####....# #....
#..######..........#
#....
######>..[.....####....#
##### ...............#
#....# ...............#
#....# .......รท.....).#
#....# .......#########
#....#


You could see an adder.

Vanquished Creatures
  2 dart slugs
  3 leopard geckos (D:2)
  A bat (D:1)
  A giant cockroach (D:1)
  4 hobgoblins
  3 kobolds
  A ball python (D:2)
  3 frilled lizards (D:1)
18 creatures vanquished.

Notes
Turn   | Place    | Note
-------+----------+-------------------------------------------
     0 | D:1      | mortelune the Demonspawn Ice Elementalist began the quest for the Orb.
     0 | D:1      | Reached XP level 1. HP: 13/13 MP: 3/3
   211 | D:1      | Gained mutation: You have a pair of small horns on your head. [demonic ancestry]
   211 | D:1      | Reached XP level 2. HP: 19/19 MP: 0/5
   307 | D:1      | Learned a level 2 spell: Throw Frost
  1099 | D:2      | Reached skill level 3 in Ice Magic
  1572 | D:2      | Succumbed to an adder's poison

Vault maps used:
D:1:      onia_arrival_mini_maze, serial_forest, infiniplex_forest_straight_3,
          infiniplex_forest_lined_room_3, infiniplex_forest_straight_5,
          infiniplex_forest_straight_4, infiniplex_forest_straight_3,
          infiniplex_forest_zigzag_1, minmay_misc_feat_five
D:2:      fedhas_altar_2

Skill      XL: |  1  2 |
---------------+-------+-----
Dodging        | 2 |  2.2
Ice Magic      | 3 |  3.0
Stealth        | |  1.7
Spellcasting   | |  2.4
Conjurations   | |  1.3

Action                   || total
-------------------------++-------
Melee: Unarmed           ||     1
       Club              ||     6
       Mace              ||     2
       Headbutt          ||     1
 Cast: Freeze            ||    20
       Throw Frost       ||    11
  Use: Potion            ||     4
  Eat: Chunk             ||     3
Armor: Robe              ||     2
Dodge: Dodged            ||    13

Table legend:
 A = Spawn XP
 B = Non-spawn XP
 C = Spawn XP percentage of total XP
 D = Spawn monster count
 E = Non-spawn monster count
 F = Spawn count percentage of total count
 G = Total turns spent on level
                    A         B        C        D         E        F      G
               +---------+---------+-------+---------+---------+-------+---------
         Total |       0 |      38 |   0.0 |       0 |      18 |   0.0 |  1572
               +---------+---------+-------+---------+---------+-------+---------
           D:1 |       0 |      21 |   0.0 |       0 |      11 |   0.0 |   980
           D:2 |       0 |      17 |   0.0 |       0 |       7 |   0.0 |   592
               +---------+---------+-------+---------+---------+-------+---------
